 Dungeon Crawl Stone Soup version 0.30-a0-359-gd0147acb1a (webtiles) character file.

Game seed: 16510700815569676395

297 billz999 the Skirmisher (level 6, -6/51 HPs)
             Began as a Gnoll Hunter on Nov 11, 2022.
             Mangled by a bullfrog (8 damage)
             ... in a sewer.
             The game lasted 00:03:08 (1420 turns).

billz999 the Skirmisher (Gnoll Hunter)              Turns: 1420, Time: 00:03:08

Health: -6/51      AC:  3    Str:  8 (10) XL:     6   Next: 35%
Magic:  9/9        EV: 13    Int:  8 (9)  God:
Gold:   122        SH:  0    Dex: 16 (17) Spells: 9/9 levels left

rFire   . . .      SeeInvis .    a - +0 shortbow
rCold   . . .      Faith    .    (shield currently unavailable)
rNeg    . . .      Spirit   .    c - +0 leather armour
rPois   .          Reflect  .    (no helmet)
rElec   .          Harm     .    (no cloak)
rCorr   .          Rampage  .    (no gloves)
Will    .....                    (no boots)
Stlth   ++........               (no amulet)
HPRegen 0.28/turn                (no ring)
MPRegen 0.11/turn                (no ring)

@: mighty, attractive
A: fangs 1, strong nose, distributed training
a: no special abilities


You were in a sewer.
You visited 1 branch of the dungeon, and saw 3 of its levels.
You also visited: Sewer.

You collected 122 gold pieces.

Inventory:

Hand Weapons
 a - a +0 shortbow (weapon)
Armour
 c - a +0 leather armour (worn)
Wands
 i - a wand of polymorph (5)
Scrolls
 b - 2 scrolls of immolation
 l - a scroll of poison {unknown}


   Skills:
 + Level 5.0 Fighting
 + Level 2.0 Short Blades
 + Level 2.0 Long Blades
 + Level 2.0 Axes
 + Level 2.0 Maces & Flails
 + Level 2.0 Polearms
 + Level 2.0 Staves
 + Level 8.8 Ranged Weapons
 + Level 2.0 Throwing
 + Level 2.0 Armour
 + Level 5.0 Dodging
 + Level 3.1 Stealth
 + Level 2.0 Shields
 + Level 2.0 Unarmed Combat
 + Level 2.0 Spellcasting
 + Level 1.6 Conjurations
 + Level 1.6 Hexes
 + Level 1.6 Summonings
 + Level 1.6 Necromancy
 + Level 1.6 Translocations
 + Level 1.6 Transmutations
 + Level 1.6 Fire Magic
 + Level 1.6 Ice Magic
 + Level 1.6 Air Magic
 + Level 1.6 Earth Magic
 + Level 1.6 Poison Magic
 + Level 2.2 Invocations
 + Level 2.0 Evocations


You had 9 spell levels left.
You didn't know any spells.
Your spell library contained the following spells:

 Spells                   Type           Power      Damage    Failure   Level
 Manifold Assault         Tloc           3%         N/A       95%         4
 Dispersal                Tloc           1%         N/A       100%        6
 Disjunction              Tloc           1%         N/A       100%        8


Dungeon Overview and Level Annotations

Branches:
Dungeon (4/15)              Sewer (1/1)
 Temple: D:4-7

Altars:


Innate Abilities, Weirdness & Mutations

You have very sharp teeth.
Your uncanny sense of smell can sniff out nearby items.
Your experience applies equally to all skills.


Message History

You shoot an arrow.
The arrow hits the bullfrog but does no damage.
The bullfrog barely misses you. The bullfrog misses you. The bullfrog hits you.
You shoot an arrow.
The arrow hits the bullfrog but does no damage.
The bullfrog hits you. The bullfrog completely misses you. x2
You shoot an arrow. The arrow misses the bullfrog.
The bullfrog hits you.
The bullfrog hits you but does no damage.
The bullfrog hits you! The bullfrog misses you.
You shoot an arrow. The arrow hits the bullfrog!
The bullfrog is heavily wounded.
The bullfrog closely misses you. The bullfrog hits you!
The bullfrog barely misses you.
You are too injured to fight recklessly!
It was a potion of might.
You feel very mighty all of a sudden. The bullfrog barely misses you.
The bullfrog closely misses you. The bullfrog misses you.
Okay, then.
You shoot an arrow. The arrow closely misses the bullfrog.
The bullfrog closely misses you. The bullfrog hits you. The bullfrog hits you!
* * * LOW HITPOINT WARNING * * *
Unknown command.
It was a potion of degeneration.
There was something very wrong with that liquid.
You feel weakened.
You feel dopey.
You feel clumsy. The bullfrog closely misses you. The bullfrog hits you.
* * * LOW HITPOINT WARNING * * *
The bullfrog closely misses you.
It was a potion of attraction.
You feel attractive to monsters. The bullfrog barely misses you.
The bullfrog hits you.
* * * LOW HITPOINT WARNING * * *
The bullfrog completely misses you.
Unknown command.
Okay, then.
The bullfrog attacks as you move away! The bullfrog hits you.
* * * LOW HITPOINT WARNING * * *
The bullfrog closely misses you. The bullfrog hits you!
You die...

#~†≈~.# #≈≈≈≈≈≈~~.≈≈. ≈
#~~≈~~# #≈≈≈≈≈~~.?|~. ≈
#.~≈~~# #≈≈≈≈≈≈./$).. ~
#.~≈~~# #≈≈≈≈≈≈≈~?~~~ ≈
#.~≈~.# #≈≈≈≈≈≈≈≈.~~~ ≈≈
#.~≈~.# #≈≈~≈≈≈≈≈≈~~~~≈≈≈
#.~≈~~# #≈≈≈~≈≈≈≈≈≈≈≈≈≈≈≈
#~~≈~.#######~≈≈≈≈≈≈≈~~≈≈≈≈
#~≈≈~~~~..@F.....~~≈~≈≈~~~~
#~~≈~~~~~~~F~~~~~~~~≈~~≈≈≈~
#.~≈≈≈≈≈≈≈≈≈≈≈≈≈≈≈≈≈≈≈≈≈≈≈≈
#~~≈~~~~~~~~~~~~~~~†~~~~~~~
#~~≈~~~~.........†.........
#.~≈~†#####################
#~~≈~~########
###.~≈~~~~~.~.†########
≈≈≈≈≈≈~~†~~~~~~~..∩.∩.#


You could see 2 bullfrogs.

Vanquished Creatures
  An ogre (D:4)
  A necrophage (D:4)
  A jelly (D:4)
  Natasha (twice) (D:2)
  3 adders
  A dart slug (D:4)
  A bat (D:1)
  3 endoplasms
  9 giant cockroaches
  2 goblins
  A hobgoblin (D:1)
  A kobold (D:1)
  8 quokkas
  6 ball pythons
  3 frilled lizards
  A rat (D:4)
44 creatures vanquished.

Notes
Turn   | Place    | Note
-------+----------+-------------------------------------------
     0 | D:1      | billz999 the Gnoll Hunter began the quest for the Orb.
     0 | D:1      | Reached XP level 1. HP: 20/20 MP: 1/1
   386 | D:1      | Reached XP level 2. HP: 26/26 MP: 2/2
   827 | D:2      | Noticed Natasha
   838 | D:2      | Killed Natasha
   839 | D:2      | Reached skill level 1 in Invocations
   839 | D:2      | Reached XP level 3. HP: 18/31 MP: 2/4
   893 | D:2      | Noticed Natasha
   898 | D:2      | Killed Natasha
   899 | D:2      | Reached skill level 1 in Short Blades
   899 | D:2      | Reached skill level 1 in Long Blades
   899 | D:2      | Reached skill level 1 in Axes
   899 | D:2      | Reached skill level 1 in Maces & Flails
   899 | D:2      | Reached skill level 1 in Polearms
   899 | D:2      | Reached skill level 1 in Staves
   899 | D:2      | Reached skill level 1 in Throwing
   899 | D:2      | Reached skill level 1 in Armour
   899 | D:2      | Reached skill level 1 in Shields
   899 | D:2      | Reached skill level 1 in Unarmed Combat
   899 | D:2      | Reached skill level 1 in Spellcasting
   899 | D:2      | Reached skill level 1 in Evocations
   899 | D:2      | Reached XP level 4. HP: 33/38 MP: 5/5
   985 | D:2      | You fall into a shaft and drop 2 floors!
   993 | D:4      | Reached skill level 1 in Conjurations
   993 | D:4      | Reached skill level 1 in Hexes
   993 | D:4      | Reached skill level 1 in Summonings
   993 | D:4      | Reached skill level 1 in Necromancy
   993 | D:4      | Reached skill level 1 in Translocations
   993 | D:4      | Reached skill level 1 in Transmutations
   993 | D:4      | Reached skill level 1 in Fire Magic
   993 | D:4      | Reached skill level 1 in Ice Magic
   993 | D:4      | Reached skill level 1 in Air Magic
   993 | D:4      | Reached skill level 1 in Earth Magic
   993 | D:4      | Reached skill level 1 in Poison Magic
  1039 | D:4      | Noticed an ogre
  1058 | D:4      | Noticed a scorpion
  1065 | D:4      | a scorpion changed into a wolf
  1065 | D:4      | Noticed a wolf
  1066 | D:4      | Noticed a necrophage
  1085 | D:4      | Killed an ogre
  1086 | D:4      | Reached XP level 5. HP: 18/43 MP: 5/7
  1181 | D:4      | Reached XP level 6. HP: 37/50 MP: 8/8
  1216 | D:4      | Reached skill level 5 in Fighting
  1216 | D:4      | Reached skill level 5 in Dodging
  1226 | D:4      | Found a glowing drain.
  1235 | Sewer    | Entered a sewer
  1420 | Sewer    | HP: 1/51 [bullfrog (6)]
  1420 | Sewer    | Mangled by a bullfrog

Illustrated notes

Levels and vault maps discovered:
D:1:      saegor_arrival_simple_e, layout_loops_corners,
          nicolae_figureground_sparkle
D:2:      layout_loops_ring, uniq_crazy_yiuf_cottage, uniq_natasha
D:4:      layout_basic, portal_sewer_entry_e, nicolae_specific_store
Sewer:    sewer_frog_island_01

Skill      XL: |  1  2  3  4  5  6 |
---------------+-------------------+-----
Invocations    | 1 2 |  2.2
Short Blades   | 1 2 |  2.0
Long Blades    | 1 2 |  2.0
Axes           | 1 2 |  2.0
Maces & Flails | 1 2 |  2.0
Polearms       | 1 2 |  2.0
Staves         | 1 2 |  2.0
Throwing       | 1 2 |  2.0
Armour         | 1 2 |  2.0
Shields        | 1 2 |  2.0
Unarmed Combat | 1 2 |  2.0
Spellcasting   | 1 2 |  2.0
Evocations     | 1 2 |  2.0
Conjurations   | 1 |  1.6
Hexes          | 1 |  1.6
Summonings     | 1 |  1.6
Necromancy     | 1 |  1.6
Translocations | 1 |  1.6
Transmutations | 1 |  1.6
Fire Magic     | 1 |  1.6
Ice Magic      | 1 |  1.6
Air Magic      | 1 |  1.6
Earth Magic    | 1 |  1.6
Poison Magic   | 1 |  1.6
Stealth        | 3 |  3.1
Fighting       | 5 |  5.0
Dodging        | 5 |  5.0
Ranged Weapons | |  8.8

Action                   |  1- 3 |  4- 6 || total
-------------------------+-------+-------++-------
 Fire: Shortbow          |    33 |   109 ||   142
Evoke: Wand              |       |     2 ||     2
  Use: Scroll            |       |     4 ||     4
       Potion            |       |     4 ||     4
Armor: Leather armour    |       |     6 ||     6
Dodge: Dodged            |     3 |    54 ||    57

Table legend: (Time is in decaauts)
 A = Elapsed time spent in this place.
 B = Non-inter-level travel time spent in this place.
 C = Inter-level travel time spent in this place.
 D = Time resting spent in this place.
 E = Time spent auto-exploring this place.
 F = Levels seen in this place.
 G = Mean time per level.
                   A        B        C        D        E       F      G
               +--------+--------+--------+--------+--------+-----+--------+
         Total |   1459 |   1390 |     69 |     94 |   1025 |   4 |  364.8 |
       Dungeon |   1246 |   1177 |     69 |     94 |    902 |   3 |  415.3 |
         Sewer |    212 |    212 |      0 |      0 |    123 |   1 |  212.0 |
               +--------+--------+--------+--------+--------+-----+--------+

Top non-repeatable levels by time:
     D:1: 818 daAuts
     D:4: 256 daAuts
   Sewer: 212 daAuts
     D:2: 171 daAuts
